UAA
TACOMA FUR TRADERS @ RICHLAND RAILS
07/06/2017
 
TOP OF THE 1ST
Ft. Polk South Thunder Hawks batting - Pitching for Irving Blue Sox : LHP Jim Unknown
Pitching: LHP Jim Unknown
Batting: RHB Javier Díaz 0-0: Ball
1-0: Ball
2-0: Foul Ball, location: 2F
2-1: Called Strike
2-2: Strikes out swinging
Batting: RHB Dave Farr 0-0: Called Strike
0-1: Swinging Strike
0-2: Foul Ball, location: 2F
0-2: Ball
1-2: Strikes out swinging
Batting: RHB Michael Collins 0-0: Swinging Strike
0-1: Ball
1-1: Ground out 5-3 (Groundball, 56)
Top of the 1st over - 0 run(s), 0 hit(s), 0 error(s), 0 left on base; Ft. Polk South 0 - Irving 0
BOTTOM OF THE 1ST
Irving Blue Sox batting - Pitching for Ft. Polk South Thunder Hawks : RHP René Martínez
Pitching: RHP René Martínez
Batting: RHB Daniel Molina 0-0: Ball
1-0: Called Strike
1-1: Ground out 5-3 (Groundball, 5S)
Batting: RHB Pat Lugo 0-0: Ball
1-0: Ball
2-0: TRIPLE (Groundball, 3L)
Batting: RHB Nathan Norris 0-0: Ball
1-0: Ball
2-0: Called Strike
2-1: Fly out, F1 (Popup, 15S)
Batting: RHB Dustin Johnstone 0-0: Ball
1-0: Ball
2-0: Ball
3-0: Called Strike
3-1: Base on Balls
Batting: RHB Jim Unknown 0-0: Foul Ball, location: 2F
0-1: Ball
1-1: Foul Ball, location: 2F
1-2: TRIPLE (Line Drive, 78M)
Pat Lugo scores
Dustin Johnstone scores
Batting: LHB Mathew Rose 0-0: Ball
1-0: Foul Ball, location: 2F
1-1: Ball
2-1: Ground out 4-3 (Groundball, 34D)
Bottom of the 1st over - 2 run(s), 2 hit(s), 0 error(s), 1 left on base; Ft. Polk South 0 - Irving 2
TOP OF THE 2ND
Ft. Polk South Thunder Hawks batting - Pitching for Irving Blue Sox : LHP Jim Unknown
Batting: RHB Aurelio Annunziato 0-0: Foul Ball, location: 2F
0-1: Fly out, F9 (Flyball, 9M)
Batting: RHB Dave O'Day 0-0: Foul Ball, location: 2F
0-1: Ball
1-1: Ball
2-1: Ball
3-1: SINGLE (Line Drive, 6M)
Batting: SHB Josef Koper 0-0: Ball
1-0: Foul Ball, location: 2F
1-1: Ball
2-1: Foul Ball, location: 2F
2-2: Strikes out swinging
Batting: LHB Guomez Nabeiro 0-0: Foul Ball, location: 2F
0-1: Ball
1-1: Ball
2-1: Ball
3-1: Base on Balls
Dave O'Day to second
Batting: RHB Mal Green 0-0: Ball
1-0: Foul Ball, location: 2F
1-1: Ball
2-1: Ball
3-1: Called Strike
3-2: Strikes out swinging
Top of the 2nd over - 0 run(s), 1 hit(s), 0 error(s), 2 left on base; Ft. Polk South 0 - Irving 2
BOTTOM OF THE 2ND
Irving Blue Sox batting - Pitching for Ft. Polk South Thunder Hawks : RHP René Martínez
Batting: RHB Dennis Newell 0-0: Ball
1-0: Ground out 4-3 (Groundball, 4)
Batting: RHB Thomas Morris 0-0: Ball
1-0: Foul Ball, location: 2F
1-1: Reached on Error, E6 (Popup, 56D)
Batting: RHB Tony Quintana 0-0: Swinging Strike
0-1: Ball
1-1: SINGLE (Line Drive, 7LS)
Thomas Morris to second
Batting: RHB Daniel Molina 0-0: Ball
1-0: Called Strike
1-1: Ball
2-1: Called Strike
2-2: Ball
3-2: Grounds into double play, 6-4-3 (Groundball, 6M)
Bottom of the 2nd over - 0 run(s), 1 hit(s), 1 error(s), 1 left on base; Ft. Polk South 0 - Irving 2
TOP OF THE 3RD
Ft. Polk South Thunder Hawks batting - Pitching for Irving Blue Sox : LHP Jim Unknown
Batting: RHB Román Centena 0-0: Ball
1-0: Fly out, F9 (Flyball, 89M)
Batting: RHB Javier Díaz 0-0: Called Strike
0-1: Ground out 6-3 (Groundball, 6)
Batting: RHB Dave Farr 0-0: Called Strike
0-1: Called Strike
0-2: Ball
1-2: Ball
2-2: Strikes out looking
Top of the 3rd over - 0 run(s), 0 hit(s), 0 error(s), 0 left on base; Ft. Polk South 0 - Irving 2
BOTTOM OF THE 3RD
Irving Blue Sox batting - Pitching for Ft. Polk South Thunder Hawks : RHP René Martínez
Batting: RHB Pat Lugo 0-0: Foul Ball, location: 2F
0-1: Ball
1-1: Fly out, F9 (Flyball, 9D)
Batting: RHB Nathan Norris 0-0: Called Strike
0-1: Foul Ball, location: 2F
0-2: SINGLE (Groundball, 4MD)
Batting: RHB Dustin Johnstone 0-0: 2-RUN HOME RUN (Flyball, 7D), Distance : 395 ft
Batting: RHB Jim Unknown 0-0: Ball
1-0: Foul Ball, location: 2F
1-1: Ball
2-1: Fly out, F4 (Popup, 4MD)
Batting: LHB Mathew Rose 0-0: Called Strike
0-1: Fly out, F8 (Flyball, 8RXD)
Bottom of the 3rd over - 2 run(s), 2 hit(s), 0 error(s), 0 left on base; Ft. Polk South 0 - Irving 4
TOP OF THE 4TH
Ft. Polk South Thunder Hawks batting - Pitching for Irving Blue Sox : LHP Jim Unknown
Batting: RHB Michael Collins 0-0: Ball
1-0: Called Strike
1-1: Fly out, F9 (Flyball, 89S)
Batting: RHB Aurelio Annunziato 0-0: Foul Ball, location: 2F
0-1: SOLO HOME RUN (Flyball, 78XD), Distance : 436 ft
Batting: RHB Dave O'Day 0-0: Swinging Strike
0-1: Ground out 1-3 (Groundball, 23)
Batting: SHB Josef Koper 0-0: Foul Ball, location: 2F
0-1: SINGLE (Line Drive, 56)
Batting: LHB Guomez Nabeiro 0-0: Called Strike
0-1: Foul Ball, location: 2F
0-2: Ball
1-2: Foul Ball, location: 2F
1-2: Strikes out swinging
Top of the 4th over - 1 run(s), 2 hit(s), 0 error(s), 1 left on base; Ft. Polk South 1 - Irving 4
BOTTOM OF THE 4TH
Irving Blue Sox batting - Pitching for Ft. Polk South Thunder Hawks : RHP René Martínez
Batting: RHB Dennis Newell 0-0: Called Strike
0-1: Foul Ball, location: 2F
0-2: Ball
1-2: Ground out 6-3 (Groundball, 6)
Batting: RHB Thomas Morris 0-0: Ball
1-0: Called Strike
1-1: Foul Ball, location: 2F
1-2: Foul Ball, location: 2F
1-2: Foul Ball, location: 2F
1-2: SINGLE (Line Drive, 9S)
Batting: RHB Tony Quintana 0-0: Ball
1-0: Called Strike
Thomas Morris steals 2nd base
1-1: Fly out, F9 (Flyball, 9S)
Batting: RHB Daniel Molina 0-0: Called Strike
0-1: SINGLE (Groundball, 6M)
Thomas Morris to third
Runner from 3rd tries for Home, SAFE, no throw or cutoff
Batting: RHB Pat Lugo 0-0: Called Strike
0-1: Called Strike
0-2: Ball
1-2: Foul Ball, location: 2F
1-2: Ground out 6-3 (Groundball, 6)
Bottom of the 4th over - 1 run(s), 2 hit(s), 0 error(s), 1 left on base; Ft. Polk South 1 - Irving 5
TOP OF THE 5TH
Ft. Polk South Thunder Hawks batting - Pitching for Irving Blue Sox : LHP Jim Unknown
Batting: RHB Mal Green 0-0: Ball
1-0: Ball
2-0: Foul Ball, location: 2F
2-1: Foul Ball, location: 2F
2-2: Strikes out looking
Batting: RHB Román Centena 0-0: Ball
1-0: Ball
2-0: Called Strike
2-1: Ground out 6-3 (Groundball, 6)
Batting: RHB Javier Díaz 0-0: Ball
1-0: Fly out, F7 (Flyball, 78S)
Top of the 5th over - 0 run(s), 0 hit(s), 0 error(s), 0 left on base; Ft. Polk South 1 - Irving 5
BOTTOM OF THE 5TH
Irving Blue Sox batting - Pitching for Ft. Polk South Thunder Hawks : RHP René Martínez
Batting: RHB Nathan Norris 0-0: Foul Ball, location: 2F
0-1: Swinging Strike
0-2: Ball
1-2: Foul Ball, location: 2F
1-2: Strikes out swinging
Batting: RHB Dustin Johnstone 0-0: Ball
1-0: Called Strike
1-1: Swinging Strike
1-2: Ball
2-2: Ball
3-2: Base on Balls
Batting: RHB Jim Unknown 0-0: Ball
1-0: Ball
2-0: Ball
3-0: Base on Balls
Dustin Johnstone to second
Batting: LHB Mathew Rose 0-0: Foul Ball, location: 2F
0-1: Ball
1-1: Swinging Strike
1-2: Strikes out swinging
Batting: RHB Dennis Newell 0-0: Foul Ball, location: 2F
0-1: Fly out, F9 (Flyball, 89M)
Bottom of the 5th over - 0 run(s), 0 hit(s), 0 error(s), 2 left on base; Ft. Polk South 1 - Irving 5
TOP OF THE 6TH
Ft. Polk South Thunder Hawks batting - Pitching for Irving Blue Sox : LHP Jim Unknown
Batting: RHB Dave Farr 0-0: Called Strike
0-1: Called Strike
0-2: Foul Ball, location: 2F
0-2: Ball
1-2: Strikes out swinging
Batting: RHB Michael Collins 0-0: Ball
1-0: DOUBLE (Line Drive, 8LD)
Batting: RHB Aurelio Annunziato 0-0: Ball
1-0: Foul Ball, location: 2F
1-1: Foul Ball, location: 2F
1-2: Strikes out swinging
Batting: RHB Dave O'Day 0-0: Ball
1-0: Called Strike
1-1: Ground out 1-3 (Groundball, 23)
Top of the 6th over - 0 run(s), 1 hit(s), 0 error(s), 1 left on base; Ft. Polk South 1 - Irving 5
BOTTOM OF THE 6TH
Irving Blue Sox batting - Pitching for Ft. Polk South Thunder Hawks : RHP René Martínez
Batting: RHB Thomas Morris 0-0: Ball
1-0: Foul Ball, location: 2F
1-1: Ball
2-1: Foul Ball, location: 2F
2-2: Foul Ball, location: 2F
2-2: Foul Ball, location: 2F
2-2: Foul Ball, location: 2F
2-2: Ball
3-2: Foul Ball, location: 2F
3-2: Fly out, F7 (Flyball, 7M)
Batting: RHB Tony Quintana 0-0: Ball
1-0: Ball
2-0: Ball
3-0: Base on Balls
Pitching: RHP Roberto Bernard
Batting: RHB Daniel Molina 0-0: Ball
1-0: Fly out, F9 (Flyball, 9D)
Batting: RHB Pat Lugo 0-0: Called Strike
0-1: Fly out, F3 (Popup, 3SF)
Bottom of the 6th over - 0 run(s), 0 hit(s), 0 error(s), 1 left on base; Ft. Polk South 1 - Irving 5
TOP OF THE 7TH
Ft. Polk South Thunder Hawks batting - Pitching for Irving Blue Sox : LHP Jim Unknown
Batting: SHB Josef Koper 0-0: Swinging Strike
0-1: Ground out 6-3 (Groundball, 6)
Batting: LHB Guomez Nabeiro 0-0: Foul Ball, location: 2F
0-1: Ball
1-1: SOLO HOME RUN (Flyball, 9D), Distance : 404 ft
Batting: RHB Mal Green 0-0: Swinging Strike
0-1: Foul Ball, location: 2F
0-2: Strikes out looking
Batting: RHB Román Centena 0-0: Swinging Strike
0-1: Ball
1-1: Ground out 5-3 (Groundball, 5)
Top of the 7th over - 1 run(s), 1 hit(s), 0 error(s), 0 left on base; Ft. Polk South 2 - Irving 5
BOTTOM OF THE 7TH
Irving Blue Sox batting - Pitching for Ft. Polk South Thunder Hawks : RHP Roberto Bernard
Batting: RHB Nathan Norris 0-0: Foul Ball, location: 2F
0-1: Swinging Strike
0-2: Foul Ball, location: 2F
0-2: Ball
1-2: Ball
2-2: Ball
3-2: Foul Ball, location: 2F
3-2: SINGLE (Line Drive, 5L)
Batting: RHB Dustin Johnstone 0-0: Swinging Strike
0-1: Fly out, F8 (Flyball, 8RS)
Batting: RHB Jim Unknown 0-0: Ball
1-0: Ball
2-0: Foul Ball, location: 2F
2-1: Swinging Strike
2-2: Strikes out looking
Batting: LHB Mathew Rose 0-0: Called Strike
0-1: Ball
1-1: Fly out, F7 (Line Drive, 7D)
Bottom of the 7th over - 0 run(s), 1 hit(s), 0 error(s), 1 left on base; Ft. Polk South 2 - Irving 5
TOP OF THE 8TH
Ft. Polk South Thunder Hawks batting - Pitching for Irving Blue Sox : LHP Jim Unknown
Batting: RHB Javier Díaz 0-0: Called Strike
0-1: Called Strike
0-2: SINGLE (Line Drive, 56)
Batting: RHB Dave Farr 0-0: Ball
1-0: Ball
2-0: Ball
3-0: Called Strike
3-1: Base on Balls
Javier Díaz to second
Batting: RHB Michael Collins 0-0: Swinging Strike
0-1: Called Strike
0-2: SINGLE (Groundball, 56D)
Javier Díaz to third
Dave Farr to second
Throwing error, E7
Javier Díaz scores
Dave Farr to third
Michael Collins to second
Pitching: RHP Al Turner
Pinch Hitting: RHB Jared Smith 0-0: Fly out, F8 (Flyball, 8LS)
Pitching: RHP Carlos Velázquez
Batting: RHB Dave O'Day 0-0: Ball
1-0: Hit by Pitch
Batting: SHB Josef Koper 0-0: Ball
1-0: Called Strike
1-1: Called Strike
1-2: Strikes out swinging
Pitching: LHP José Bermúdez
Pinch Hitting: RHB Troy Gine 0-0: DOUBLE (Flyball, 8RXD)
Dave Farr scores
Michael Collins scores
Dave O'Day to third
Runner from 3rd tries for Home, SAFE, no throw or cutoff
Pitching: RHP Luis Hernández
Batting: RHB Mal Green 0-0: Ball
1-0: Swinging Strike
1-1: Called Strike
1-2: Foul Ball, location: 2F
1-2: Strikes out swinging
Top of the 8th over - 4 run(s), 3 hit(s), 1 error(s), 1 left on base; Ft. Polk South 6 - Irving 5
BOTTOM OF THE 8TH
Irving Blue Sox batting - Pitching for Ft. Polk South Thunder Hawks : RHP Roberto Bernard
Pitching: LHP Freddy Ramos
Now at SS: Joe Murray
Now in RF: Jared Smith
Batting: RHB Dennis Newell 0-0: Called Strike
0-1: Swinging Strike
0-2: Ball
1-2: Strikes out swinging
Batting: RHB Thomas Morris 0-0: Ball
1-0: Ball
2-0: Ball
3-0: Called Strike
3-1: Called Strike
3-2: Strikes out swinging
Batting: RHB Tony Quintana 0-0: Swinging Strike
0-1: Called Strike
0-2: Ball
1-2: Foul Ball, location: 2F
1-2: Ball
2-2: Strikes out swinging
Bottom of the 8th over - 0 run(s), 0 hit(s), 0 error(s), 0 left on base; Ft. Polk South 6 - Irving 5
TOP OF THE 9TH
Ft. Polk South Thunder Hawks batting - Pitching for Irving Blue Sox : RHP Luis Hernández
Pitching: LHP Bryan Jones
Batting: RHB Román Centena 0-0: Foul Ball, location: 2F
0-1: Foul Ball, location: 2F
0-2: Foul Ball, location: 2F
0-2: Foul Ball, location: 2F
0-2: Strikes out swinging
Batting: RHB Javier Díaz 0-0: Called Strike
0-1: Ball
1-1: Called Strike
1-2: Ball
2-2: Ball
3-2: Foul Ball, location: 2F
3-2: SINGLE (Groundball, 3D)
Batting: RHB Dave Farr 0-0: Ball
1-0: Called Strike
1-1: SINGLE (Line Drive, 56D)
Javier Díaz to second
Batting: RHB Michael Collins 0-0: Ball
1-0: Swinging Strike
1-1: Ball
2-1: Foul Ball, location: 2F
2-2: Strikes out swinging
Batting: RHB Jared Smith 0-0: Ball
1-0: Called Strike
1-1: Foul Ball, location: 2F
1-2: Ball
2-2: Foul Ball, location: 2F
2-2: Foul Ball, location: 2F
2-2: Ground out 5-3 (Groundball, 56)
Top of the 9th over - 0 run(s), 2 hit(s), 0 error(s), 2 left on base; Ft. Polk South 6 - Irving 5
BOTTOM OF THE 9TH
Irving Blue Sox batting - Pitching for Ft. Polk South Thunder Hawks : LHP Freddy Ramos
Pitching: LHP Dale Stevens
Batting: RHB Daniel Molina 0-0: Ball
1-0: Ball
2-0: Ball
3-0: Base on Balls
Batting: RHB Pat Lugo 0-0: Ball
1-0: Ball
2-0: Called Strike
2-1: Swinging Strike
2-2: Strikes out swinging
Pinch Hitting: RHB Tom Harris 0-0: Called Strike
0-1: Ball
1-1: Fly out, F3 (Line Drive, 34)
Batting: RHB Dustin Johnstone 0-0: Called Strike
0-1: Ball
1-1: Swinging Strike
1-2: Foul Ball, location: 2F
1-2: Foul Ball, location: 2F
1-2: Foul Ball, location: 2F
1-2: Strikes out swinging
Bottom of the 9th over - 0 run(s), 0 hit(s), 0 error(s), 1 left on base; Ft. Polk South 6 - Irving 5
This league is powered by Out of the Park Baseball, the baseball management simulation game for PC, Mac and Linux
Saturday, February 27th, 2021 - OOTP Baseball 15.6 Build 34